 Dungeon Crawl Stone Soup version 0.25-a0-279-g53730b6a6f (webtiles) character file.

Game seed: 15397392264633269643, levelgen mode: deterministic

1325 Gargoyl the Skirmisher (level 8, -2/68 HPs)
             Began as a Centaur Abyssal Knight on Dec 10, 2019.
             Was an Elder of Lugonu.
             Hit by a boomerang thrown by an orc warrior (13 damage)
             ... on level 6 of the Dungeon.
             The game lasted 00:07:05 (5323 turns).

Gargoyl the Skirmisher (Centaur Abyssal Knight)     Turns: 5323, Time: 00:07:05

Health: -2/68      AC: 11    Str: 18    XL:     8   Next: 34%
Magic:  9/9        EV:  8    Int: 11    God:    Lugonu [****..]
Gold:   293        SH:  2    Dex: 10    Spells: 7/7 levels left

rFire    + + .     SeeInvis .   u - +9 falchion "Gyqeez" {slice, *Slow +Fly rF++ Str+2}
rCold    . . .     Gourm    .   (no shield)
rNeg     . . .     Faith    .   f - +1 scale mail
rPois    +         Spirit   .   d - +2 helmet
rElec    .         Reflect  +   (no cloak)
rCorr    .         Harm     .   (no gloves)
MR       .....                  (no barding)
Stlth    ..........             m - +2 amulet of reflection
HPRegen  0.21/turn              n - ring of poison resistance
MPRegen  0.11/turn              (no ring)

@: lethally poisoned (-2 -> -30), very quick
A: large, hooves 3, deformed body, speed 2, tough skin 3
a: Depart the Abyss, Bend Space, Banish, Corrupt, Renounce Religion, Evoke
Flight


You were on level 6 of the Dungeon.
You worshipped Lugonu.
Lugonu was greatly pleased with you.
You were not hungry.

You visited 1 branch of the dungeon, and saw 6 of its levels.
You visited the Abyss 1 time.

You collected 293 gold pieces.

Inventory:

Hand Weapons
 a - a +1 hand axe
 g - a +4 antimagic hand axe
 u - the +9 falchion "Gyqeez" (weapon) {slice, *Slow +Fly rF++ Str+2}
   (You found it on level 4 of the Dungeon)

   It inflicts extra damage upon your enemies.
   It affects your strength (+2).
   It greatly protects you from fire.
   It lets you fly.
   It may slow you when you take damage.
Missiles
 b - 4 javelins (quivered)
Armour
 d - a +2 helmet (worn)
 f - a +1 scale mail (worn)
Jewellery
 k - an uncursed amulet of rage
 m - a +2 amulet of reflection (around neck)
 n - a ring of poison resistance (left hand)
 v - an uncursed amulet of regeneration {unknown}
 y - an uncursed ring of stealth {unknown}
Wands
 x - a wand of polymorph (14)
Scrolls
 e - a scroll of identify
 j - 3 scrolls of remove curse
 l - 3 scrolls of blinking
 w - 2 scrolls of fog
Potions
 h - a potion of flight
 i - 2 potions of lignification
 o - a potion of brilliance {unknown}
 p - a potion of cancellation {unknown}
 q - a potion of magic {unknown}
 r - a potion of heal wounds
 s - 3 potions of might
 t - a potion of resistance {unknown}
 z - a potion of haste {unknown}
Comestibles
 c - 7 rations
 A - 2 chunks of flesh


   Skills:
 + Level 5.0 Fighting
 + Level 4.3 Long Blades
 + Level 4.4 Axes
 + Level 3.8 Armour
 + Level 2.9 Dodging
 + Level 0.1 Stealth
 + Level 2.2 Invocations


You had 7 spell levels left.
You didn't know any spells.
Your spell library contained the following spells:

 Spells                   Type           Power        Failure   Level  Hunger
 Summon Small Mammal      Summ           #...         73%         1    ##.....
 Call Imp                 Summ           #.......     86%         2    ###....
 Call Canine Familiar     Summ           #.......     97%         3    ####...
 Summon Guardian Golem    Hex/Summ       #.......     97%         3    ####...
 Summon Ice Beast         Ice/Summ       #.......     100%        4    #####..
 Summon Lightning Spire   Summ/Air       #.......     100%        4    #####..


Dungeon Overview and Level Annotations

Branches:
Dungeon (6/15)
 Temple: D:4-7

Altars:
Ashenzari
Fedhas
Makhleb
Okawaru
Sif Muna
Trog
Vehumet
Wu Jian
Xom
Zin


Innate Abilities, Weirdness & Mutations

You have hooves in place of feet.
Armour fits poorly on your strangely shaped body.
You cover ground very quickly.
You have extremely tough skin. (AC +3)


Message History

Lugonu accepts your kill.
You hit the orc warrior. You kick the orc warrior.
The orc warrior is severely wounded.
* * * LOW HITPOINT WARNING * * *
You feel sick.
The orc warrior hits you with a +2 trident of venom.
* * * LOW HITPOINT WARNING * * *
The orc wizard hits you but does no damage.
You feel much better.
You feel sick. The orc wizard casts a spell at you.
The magic dart hits you but does no damage.
The orc warrior hits you with a +2 trident of venom!!
* * * LOW HITPOINT WARNING * * *
You are lethally poisoned!
Unknown command.
* * * LOW HITPOINT WARNING * * *
You feel sick.
* * * LOW HITPOINT WARNING * * *
You feel sick.
The orc warrior throws a boomerang.
The boomerang hits you!
You die...

#.....# #.....#
#.....# #.....#
+.....#
#.....#########
######........#
#..#..<.....#
#..#..@<....#
##'#........#
#.....o######
#(...o.# +
#......# #.
#...o..#
#..####'###
#.........#
..........#


You could see an orc warrior, an orc wizard and an orc.

Vanquished Creatures
  A sky beast (D:5)
  2 centaurs (D:5)
  A gnoll sergeant (D:5)
  4 scorpions
  2 howler monkeys
  6 orc wizards
  3 orc priests
  A hound (D:4)
  6 worker ants
  8 gnolls
  9 adders
  A shadow imp (D:5)
  An ooze (D:2)
  An adder skeleton (D:5)
  2 worms (D:2)
  5 dart slugs
  5 leopard geckos
  24 orcs
  7 giant cockroaches
  4 goblins
  8 hobgoblins
  8 jackals
  5 quokkas
  5 bats
  4 frilled lizards
  5 kobolds
  A leopard gecko skeleton (D:4)
  4 rats
  A toadstool (D:1)
134 creatures vanquished.

Vanquished Creatures (others)
  3 toadstools (D:1)
3 creatures vanquished.

Grand Total: 137 creatures vanquished

Notes
Turn   | Place    | Note
-------+----------+-------------------------------------------
     0 | Abyss:1  | Gargoyl the Centaur Abyssal Knight began the quest for the
                  | Orb.
     0 | Abyss:1  | Reached XP level 1. HP: 19/19 MP: 2/2
     3 | Abyss:1  | Found a shadowy altar of Dithmenos.
    37 | Abyss:1  | Noticed a flying skull
    53 | D:1      | Escaped the Abyss
   185 | D:1      | Reached XP level 2. HP: 26/26 MP: 3/3
   262 | D:1      | Reached * piety under Lugonu
   962 | D:2      | Reached XP level 3. HP: 29/31 MP: 4/4
   976 | D:2      | Reached skill level 1 in Dodging
  1132 | D:2      | Reached ** piety under Lugonu
  1140 | D:2      | Reached XP level 4. HP: 21/39 MP: 5/5
  1305 | D:2      | Found a shimmering altar of Xom.
  1554 | D:2      | Reached skill level 4 in Fighting
  1682 | D:2      | Reached XP level 5. HP: 31/46 MP: 6/6
  2387 | D:3      | Found an iron altar of Okawaru.
  2408 | D:3      | Found a shimmering blue altar of Sif Muna.
  2410 | D:3      | Found a shattered altar of Ashenzari.
  2410 | D:3      | Found a radiant altar of Vehumet.
  2411 | D:3      | Found a glowing silver altar of Zin.
  2442 | D:3      | Found a burning altar of Makhleb.
  3265 | D:4      | Reached XP level 6. HP: 50/52 MP: 2/7
  3266 | D:4      | Reached *** piety under Lugonu
  3445 | D:4      | Found an ornate altar of the Wu Jian Council.
  3525 | D:4      | Got a slimy falchion
  3526 | D:4      | Identified the +9 falchion "Gyqeez" {slice, *Slow +Fly rF++
                  | Str+2} (You found it on level 4 of the Dungeon)
  3921 | D:5      | Entered Level 5 of the Dungeon
  3931 | D:5      | Reached XP level 7. HP: 43/60 MP: 8/8
  4046 | D:4      | Reached skill level 1 in Long Blades
  4698 | D:5      | Reached XP level 8. HP: 59/67 MP: 9/9
  4780 | D:5      | Reached **** piety under Lugonu
  4780 | D:5      | Reached skill level 5 in Fighting
  4937 | D:5      | Found a bloodstained altar of Trog.
  4998 | D:5      | Found a blossoming altar of Fedhas.
  5323 | D:6      | Hit by a boomerang thrown by an orc warrior

Levels and vault maps discovered:
D:1:      ldierk_walled_garden_2, layout_basic, minmay_misc_feat_square
D:2:      layout_rooms, lemuel_crystal_altar, first_ration
D:3:      layout_loops_cross, bloody_makhleb, minitemple, serial_glass,
          glass_columns_b, glass_columns_a, roderic_roman_lattice
D:4:      layout_basic, lemuel_doored_altar
D:5:      layout_rooms, overflow_temple_1_default, fedhas_altar_2, minmay_puff
D:6:      layout_gridville, kennysheep_ying_yang,
          minmay_temple_entry_large_hall, gammafunk_ghost_stat_death

Skill      XL: |  1  2  3  4  5  6  7  8 |
---------------+-------------------------+-----
Axes           | 2 3 4 |  4.4
Dodging        | 1 2 |  2.9
Armour         | 2 3 |  3.8
Fighting       | 4 5 |  5.0
Long Blades    | 3 4 |  4.3
Stealth        | |  0.1
Invocations    | |  2.2

Action                   |  1- 3 |  4- 6 |  7- 9 || total
-------------------------+-------+-------+-------++-------
Melee: Hand axe          |    88 |   137 |       ||   225
       Kick              |    18 |    34 |    21 ||    73
       Falchion          |       |    27 |   104 ||   131
Invok: Depart the Abyss  |     1 |       |       ||     1
  Use: Potion            |       |     2 |     1 ||     3
       Scroll            |       |    14 |     3 ||    17
  Eat: Chunk             |       |     7 |     5 ||    12
Armor: Leather armour    |     4 |       |       ||     4
       Scale mail        |    48 |   126 |    69 ||   243
Dodge: Dodged            |    53 |    80 |    46 ||   179
Block: Other             |       |     8 |     9 ||    17
       Rpst.: Falchion   |       |     7 |    14 ||    21

Table legend:
 A = Non-vault XP
 B = Vault XP
 C = Vault XP percentage of total XP
 D = Non-vault monster count
 E = Vault monster count
 F = Vault count percentage of total count
                 A         B        C        D         E       F
            +---------+---------+-------+---------+---------+-------
      Total |    1591 |     303 |  16.0 |     127 |       6 |   4.5
            +---------+---------+-------+---------+---------+-------
        D:1 |      36 |       0 |   0.0 |      17 |       0 |   0.0
        D:2 |     171 |       0 |   0.0 |      31 |       0 |   0.0
        D:3 |      79 |       0 |   0.0 |      22 |       0 |   0.0
        D:4 |     491 |       0 |   0.0 |      25 |       0 |   0.0
        D:5 |     806 |     303 |  27.3 |      29 |       6 |  17.1
        D:6 |       8 |       0 |   0.0 |       3 |       0 |   0.0
            +---------+---------+-------+---------+---------+-------
